 Dungeon Crawl Stone Soup version 0.28.0-45-g0d030f2227 (webtiles) character file.

Game seed: 5160607797268293517

71 zeratav the Insei (level 4, 0/25 (29) HPs)
             Began as an Octopode Transmuter on Apr 7, 2022.
             Slain by an orc wizard
             ... wielding a +1 dagger of draining
              (3 damage)
             ... on level 3 of the Dungeon.
             The game lasted 00:03:55 (2682 turns).

zeratav the Insei (Octopode Transmuter)             Turns: 2682, Time: 00:03:55

HP:   0/25 (29)     AC:  1    Str:  9    XL:     4   Next: 24%
MP:   7/7           EV: 13    Int: 15    God:
Gold: 162           SH:  0    Dex: 14    Spells: 6/7 levels left

rFire   . . .      SeeInvis .   j - +1 short sword (speed) {short}
rCold   . . .      Faith    .   (no shield)
rNeg    . . .      Spirit   .   (helmet restricted)
rPois   .          Reflect  .   (no amulet)
rElec   .          Harm     .   (no ring)
rCorr   .          Rampage  .   (no ring)
Will    .....                   (no ring)
Stlth   +++.......              (no ring)
HPRegen 0.08/turn               (no ring)
MPRegen 0.10/turn               (no ring)
                                (no ring)
                                (no ring)

@: heavily drained
A: almost no armour, amphibious, 8 rings, camouflage 1, gelatinous body 1,
(nimble swimmer 1), tentacles
a: no special abilities


You were on level 3 of the Dungeon.
You visited 1 branch of the dungeon, and saw 3 of its levels.

You collected 162 gold pieces.


Innate Abilities, Weirdness & Mutations

You cannot wear most types of armour.
You are amphibious.
You can wear up to eight rings at the same time.
Your skin changes colour to match your surroundings (Stealth+).
Your rubbery body absorbs attacks. (AC +1, EV +1)
((You are camouflaged when in or above water. (Stealth+)))
You have tentacles for arms and can constrict up to eight enemies at once.


   Skills:
 + Level 1.8 Fighting
 + Level 2.6 Dodging
 + Level 2.1 Stealth
 * Level 3.9 Unarmed Combat
 - Level 2.0 Spellcasting
 - Level 2.0 Transmutations


You had 6 spell levels left.
You knew the following spells:

 Your Spells              Type           Power      Damage    Failure   Level
a - Beastly Appendage     Tmut           14%        N/A       10%         1

Your spell library contained the following spells:

 Spells                   Type           Power      Damage    Failure   Level
 Wereblood                Tmut           7%         N/A       14%         2
 Spider Form              Tmut/Pois      4%         N/A       41%         3
 Ice Form                 Ice/Tmut       4%         N/A       82%         4

Inventory:

Hand Weapons
 a - a +1 dagger of venom {short}
   (You took it off a kobold on level 1 of the Dungeon)
 j - a +1 short sword of speed (weapon) {short}
   (You found it on level 3 of the Dungeon)
Scrolls
 c - a scroll of holy word {unknown}
 d - 2 scrolls of identify {unknown}
 e - a scroll of blinking {unknown}
 g - a scroll of vulnerability {unknown}
 h - 2 scrolls of silence {unknown}
 l - 3 scrolls of teleportation {unknown}
Potions
 b - 2 potions of curing {unknown}
 f - a potion of haste {unknown}
 i - a potion of brilliance {unknown}

Dungeon Overview and Level Annotations

Branches:
Dungeon (3/15)

Altars:

##.##
#.
#.# .
##.#
#..#
#.##
#.#
#o#
#{#
#@#
#.#
#.#
#.#
#.#
#.#
#.#
#.#
#.#


You could see an orc.


Message History

No target in view!
No target in view!
No target in view!
No target in view!
You see here a worm corpse.
k - a poisoned dart {throwing}
k - 2 poisoned darts {throwing} (gained 1)
An orc comes into view. It is wielding a +0 hand axe.
You throw a poisoned dart {throwing}.
The poisoned dart {throwing} hits the orc.
The orc shouts!
You hear a shout!
You throw a poisoned dart {throwing}.
The poisoned dart {throwing} closely misses the orc.
Nothing quivered!
You hit the orc. You grab the orc. You constrict the orc.
An orc comes into view. It is wielding a +0 whip.
The orc hits you with a +0 hand axe.
HP[-4]
You take 4 damage, and now have 25/29 hp.
The orc shouts!
You hit the orc.
You kill the orc!
An orc comes into view. It is wielding a +0 trident.
Things that are here:
a +0 hand axe {axe}; an orc corpse An orc wizard comes into view.
It is wielding a +1 dagger of draining.
The orc wizard shouts!
The orc closely misses you. x2
An orc comes into view. It is wielding a +0 mace.
You see here a poisoned dart {throwing}.
You closely miss the orc.
The orc shouts!
You grab the orc. You squeeze the orc, but do no damage.
You constrict the orc, but do no damage.
The orc closely misses you. x2
You hit the orc. You constrict the orc.
The orc hits you from afar with a +0 trident.
The orc closely misses you.
HP[-2]
You take 2 damage, and now have 23/29 hp.
You hit the orc but do no damage. You squeeze the orc, but do no damage.
You constrict the orc, but do no damage.
The orc barely misses you.
You hit the orc. You squeeze the orc.
You kill the orc!
The orc wizard mumbles some strange words.
The orc wizard flickers and vanishes!
Deactivating autopickup; reactivate with Ctrl-A.
Things that are here:
a +0 hand axe {axe}; an orc corpse HP[+1]
You see here a worm corpse.
HP[+1]
The orc barely misses you.
You closely miss the orc. You grab the orc.
You constrict the orc, but do no damage.
The orc hits you with a +0 trident.
HP[-3]
You take 3 damage, and now have 22/29 hp.
You completely miss the orc.
You constrict the orc, but do no damage.
You hit the orc but do no damage. You constrict the orc.
The orc hits you with a +0 trident.
HP[-5]
You take 5 damage, and now have 17/29 hp.
You hit the orc but do no damage.
You constrict the orc, but do no damage.
The orc barely misses you.
You completely miss the orc. You squeeze the orc, but do no damage.
You constrict the orc. You hit the orc.
You constrict the orc, but do no damage.
The orc misses you.
You hit the orc. You squeeze the orc.
You kill the orc!
Something hits you.
* * * LOW HITPOINT WARNING * * *
You feel drained.
* * * LOW HITPOINT WARNING * * *
Things that are here:
a +0 trident {polearm}; a +0 scale mail; HP[-7]
You now have 27 max hp (-2).
You take 7 damage, and now have 10/27 hp.
MASSIVE DAMAGE!! (PAUSE)
You hit something but do no damage. Your squeeze misses something.
Something hits you.
* * * LOW HITPOINT WARNING * * *
You feel drained.
HP[-1]
You now have 26 max hp (-1).
You barely miss something. Your squeeze misses something. Something hits you.
* * * LOW HITPOINT WARNING * * *
You feel drained.
* * * LOW HITPOINT WARNING * * *
HP[-6]
You now have 25 max hp (-1).
You take 6 damage, and now have 3/25 hp.
MASSIVE DAMAGE!! (PAUSE)
You barely miss something. Something hits you.
You die...

Skill      XL: |  1  2  3 |
---------------+----------+-----
Stealth        | 1 2 |  2.1
Fighting       | |  1.8
Dodging        | |  2.6
Unarmed Combat | |  3.9
Spellcasting   | |  2.0
Transmutations | |  2.0

Action                   |  1- 3 |  4- 6 || total
-------------------------+-------+-------++-------
Melee: Dagger            |    58 |       ||    58
       Constrict         |    18 |     4 ||    22
       Unarmed           |     4 |       ||     4
       Kick              |    16 |       ||    16
       Tentacles         |    13 |     7 ||    20
       Punch             |     3 |       ||     3
       Short sword       |    13 |    20 ||    33
Throw: Dart              |     4 |     4 ||     8
 Cast: Beastly Appendage |    22 |       ||    22
 Stab: Sleeping          |    14 |       ||    14
Armor: Skin              |     3 |       ||     3
Dodge: Dodged            |    31 |    10 ||    41

Levels and vault maps discovered:
D:1:      sevenhm_arrival_forest_fort_small_2, layout_basic
D:2:      layout_loops_ring
D:3:      layout_loops_ring

Notes
Turn   | Place    | Note
-------+----------+-------------------------------------------
     0 | D:1      | zeratav the Octopode Transmuter began the quest for the
                  | Orb.
     0 | D:1      | Reached XP level 1. HP: 13/13 MP: 3/3
     0 | D:1      | magus.rc [v1.9.6]
     4 | D:1      | Noticed a four-headed hydra
    13 | D:1      | Noticed a death yak
   298 | D:1      | Reached XP level 2. HP: 8/18 MP: 5/5
   519 | D:1      | Reached skill level 1 in Stealth
  1456 | D:2      | Reached XP level 3. HP: 17/23 MP: 4/6
  1666 | D:2      | Noticed a scorpion
  1712 | D:2      | You pick up a book of Changes and begin reading...
  2407 | D:3      | Reached skill level 2 in Stealth
  2407 | D:3      | Reached XP level 4. HP: 10/29 MP: 7/7
  2681 | D:3      | HP: 5/26 [something (5)]
  2682 | D:3      | Slain by an orc wizard

Vanquished Creatures
  2 adders
  A worm (D:3)
  A dart slug (D:3)
  3 orcs (D:3)
  5 endoplasms
  A giant cockroach (D:3)
  2 goblins
  8 hobgoblins
  A quokka (D:1)
  A ball python (D:1)
  5 bats
  3 frilled lizards
  6 kobolds
  4 rats
43 creatures vanquished.

Table legend:
 A = Non-vault XP
 B = Vault XP
 C = Vault XP percentage of total XP
 D = Non-vault monster count
 E = Vault monster count
 F = Vault count percentage of total count
                 A         B        C        D         E       F
            +---------+---------+-------+---------+---------+-------
      Total |     102 |       0 |   0.0 |      43 |       0 |   0.0
            +---------+---------+-------+---------+---------+-------
        D:1 |      30 |       0 |   0.0 |      20 |       0 |   0.0
        D:2 |      35 |       0 |   0.0 |      14 |       0 |   0.0
        D:3 |      37 |       0 |   0.0 |       9 |       0 |   0.0
            +---------+---------+-------+---------+---------+-------

Illustrated notes

Table legend:
 A = Kills in this place as a percentage of kills in entire the game.
 B = Kills by you in this place as a percentage of kills by you in the entire game.
 C = Kills by friends in this place as a percentage of kills by friends in the entire game.
 D = Other kills in this place as a percentage of other kills in the entire game.
 E = Experience gained in this place as a percentage of experience gained in the entire game.
 F = Experience gained in this place divided by the number of levels of this place that you have seen.
                   A       B       C       D       E      F
               +-------+-------+-------+-------+-------+----------------------
         Total | 100.0 | 100.0 |   N/A |   N/A | 100.0 |  34.0
       Dungeon | 100.0 | 100.0 |   N/A |   N/A | 100.0 |  34.0
               +-------+-------+-------+-------+-------+----------------------

Table legend: (Time is in decaauts)
 A = Elapsed time spent in this place.
 B = Non-inter-level travel time spent in this place.
 C = Inter-level travel time spent in this place.
 D = Time resting spent in this place.
 E = Time spent auto-exploring this place.
 F = Levels seen in this place.
 G = Mean time per level.
                   A        B        C        D        E       F      G
               +--------+--------+--------+--------+--------+-----+--------+
         Total |   2671 |   2542 |    129 |      0 |   2131 |   3 |  890.3 |
       Dungeon |   2671 |   2542 |    129 |      0 |   2131 |   3 |  890.3 |
               +--------+--------+--------+--------+--------+-----+--------+

Top non-repeatable levels by time:
     D:1: 1359 daAuts
     D:2: 813 daAuts
     D:3: 498 daAuts
